 Dungeon Crawl Stone Soup version 0.26-a0-642-g67e99244d3 (webtiles) character file.

Game seed: 4364674479010312437

23 Colgate the Charlatan (level 2, -1/21 HPs)
             Began as a Demonspawn Artificer on Sept 23, 2020.
             Slain by a gnoll
             ... wielding a +0 spear
              (7 damage)
             ... on level 2 of the Dungeon.
             The game lasted 00:09:33 (1183 turns).

Colgate the Charlatan (Demonspawn Artificer)        Turns: 1183, Time: 00:09:35

Health: -1/21      AC:  3    Str: 12    XL:     2   Next: 75%
Magic:  2/2        EV: 11    Int: 12    God:
Gold:   70         SH:  0    Dex: 13    Spells: 1/1 levels left

rFire    . . .     SeeInvis .   a - +0 spear
rCold    . . .     Faith    .   (no shield)
rNeg     . . .     Spirit   .   b - +0 leather armour
rPois    .         Reflect  .   (no helmet)
rElec    .         Harm     .   (no cloak)
rCorr    .         Rampage  .   (no gloves)
MR       .....                  (no boots)
Stlth    +.........             (no amulet)
HPRegen  0.07/turn              (no ring)
MPRegen  0.08/turn              (no ring)

@: no status effects
A: rot immunity
a: no special abilities


You were on level 2 of the Dungeon.
You visited 1 branch of the dungeon, and saw 2 of its levels.

You collected 70 gold pieces.

Inventory:

Hand Weapons
 a - a +0 spear (weapon)
 m - a +0 short sword
Missiles
 g - 8 poisoned darts (quivered)
 k - 7 stones
Armour
 b - a +0 leather armour (worn)
Wands
 c - a wand of flame (15)
 d - a wand of enslavement (15)
 e - a wand of random effects (15)
Scrolls
 f - a scroll of identify {unknown}
 i - 2 scrolls of random uselessness {unknown}
Potions
 h - a potion of curing {unknown}
 j - a potion of degeneration {unknown}
 l - 2 potions of lignification {unknown}


   Skills:
 - Level 1.0 Fighting
 + Level 0.3 Throwing
 - Level 1.7 Armour
 - Level 0.8 Dodging
 - Level 0.8 Stealth
 - Level 4.0 Evocations


You had one spell level left.
You didn't know any spells.
Your spell library was empty.

Dungeon Overview and Level Annotations

Branches:
Dungeon (2/15)

Altars:


Innate Abilities, Weirdness & Mutations

You are immune to rotting.


Message History

Press: ? - help, Dir - move target cursor, f/p - gnoll
Aim: a gnoll, wielding a +0 spear (severely wounded, poisoned)
You reach to attack!
You hit the gnoll but do no damage.
The gnoll is severely wounded.
The gnoll looks more healthy.
The gnoll completely misses you.
The gnoll hits you from afar with a +0 spear.
* * * LOW HITPOINT WARNING * * *
Attack whom?
Press: ? - help, Dir - move target cursor, f/p - gnoll
Aim: a gnoll, wielding a +0 spear (severely wounded)
You reach to attack!
You hit the gnoll but do no damage.
The gnoll is severely wounded.
The gnoll barely misses you.
Attack whom?
Press: ? - help, Dir - move target cursor, f/p - gnoll
Aim: a gnoll, wielding a +0 spear (severely wounded)
You reach to attack!
You hit the gnoll.
The gnoll is almost dead.
The gnoll hits you from afar with a +0 spear!
You die...

#.# ##. #.# #. #..
#.# #. #.# #.#
#.##. #.# #.#
#.##≈ #.# #.#
#.##. #.# #.# #
#.##.
#.#####.####.#.##.
#@##...>...#.#.##.
#.##.##.##.#......
#g##.##.##.###..#.
#gg.g(g...).......
####.##.##.##.....
#.##.##.##...##
.............#
#####.######..#
#.# #..#


You could see 3 gnolls.

Vanquished Creatures
  A leopard gecko (D:1)
  A giant cockroach (D:1)
  4 goblins (D:1)
  3 hobgoblins (D:1)
  A ball python (D:1)
  2 bats
  2 frilled lizards (D:1)
  4 kobolds
  5 rats (D:1)
23 creatures vanquished.

Notes
Turn   | Place    | Note
-------+----------+-------------------------------------------
     0 | D:1      | Colgate the Demonspawn Artificer began the quest for the
                  | Orb.
     0 | D:1      | Reached XP level 1. HP: 15/15 MP: 1/1
   546 | D:1      | Gained mutation: You are immune to rotting. [demonic
                  | ancestry]
   546 | D:1      | Reached XP level 2. HP: 21/21 MP: 2/2
   998 | D:1      | Reached skill level 4 in Evocations
  1183 | D:2      | Slain by a gnoll

Illustrated notes

Levels and vault maps discovered:
D:1:      lightli_arrival_boilingwater, layout_rooms
D:2:      layout_loops_ring, lemuel_old_faithful, uniq_terence, uniq_jessica,
          uniq_natasha

Skill      XL: |  1  2 |
---------------+-------+-----
Evocations     | 4 |  4.0
Fighting       | |  1.0
Throwing       | |  0.3
Armour         | |  1.7
Dodging        | |  0.8
Stealth        | |  0.8

Action                   || total
-------------------------++-------
Melee: Hand axe          ||    52
       Spear             ||    17
       Short sword       ||     2
Throw: Dart              ||    24
       Stone             ||     4
Armor: Leather armour    ||    18
Dodge: Dodged            ||    39

Table legend: (Time is in decaauts)
 A = Elapsed time spent in this place.
 B = Non-inter-level travel time spent in this place.
 C = Inter-level travel time spent in this place.
 D = Time resting spent in this place.
 E = Time spent auto-exploring this place.
 F = Levels seen in this place.
 G = Mean time per level.
                   A        B        C        D        E       F      G
               +--------+--------+--------+--------+--------+-----+--------+
         Total |   1200 |   1190 |     10 |      0 |    666 |   2 |  600.0 |
       Dungeon |   1200 |   1190 |     10 |      0 |    666 |   2 |  600.0 |
               +--------+--------+--------+--------+--------+-----+--------+

Top non-repeatable levels by time:
     D:1: 1117 daAuts
     D:2: 83 daAuts
